Map: Cyber Forest LE

Players

PeLLy - Winner!

  • Race: Zerg Zerg
  • League: Diamond
  • Spawn Location: 5:00

RedDawn

  • Race: Zerg Zerg
  • Spawn Location: 11:00

VOD

Have the link to the VOD?

Description

Time

  • Played on: Aug. 12, 2019, 4:04 p.m.
  • Length: 10:30
Show
View Real Time Build Order
Export as new Build Order

PeLLy Zerg - Winner!

Build Orders: Hatch First 

Get SALT Encoding   

  12  0:01  Drone  
  13  0:15  Overlord  
  13  0:20  Drone  
  14  0:33  Drone  
  14  0:34  Drone  
  16  1:10  Hatchery  
  15  1:13  Spawning Pool  
  15  1:17  Drone x3, Extractor  
  16  1:28  Drone  
  17  1:39  Drone  
  18  1:51  Drone  
  19  2:04  Queen  
  19  2:08  Drone  
  22  2:19  Metabolic Boost  
  22  2:23  Drone  
  22  2:24  Queen  
  22  2:26  Zergling x4  
  27  2:33  Zergling x2  
  27  2:36  Overlord  
  28  3:00  Drone x4  
  28  3:05  Drone  
  33  3:10  Evolution Chamber x2  
  31  3:33  Extractor  
  27  3:35  Drone, Baneling Nest  
  27  3:36  Drone x3  
  30  3:51  Roach Warren  
  30  3:52  Drone  
  30  3:53  Drone x6  
  36  4:00  Hatchery  
  35  4:12  Drone  
  35  4:13  Overlord x2  
  35  4:15  Extractor  
  35  4:16  Zerg Missile Weapons Level 1  
  35  4:28  Drone  
  36  4:31  Drone  
  36  4:32  Drone  
  36  4:35  Drone x3  
  41  4:40  Drone x2  
  41  4:41  Drone x2  
  45  4:45  Queen  
  45  4:52  Extractor  
  46  4:57  Lair  
  46  5:03  Drone x4  
  46  5:04  Drone x2  
  46  5:06  Overlord x2  
  52  5:18  Drone x6  
  58  5:22  Extractor  
  57  5:30  Drone  
  60  5:35  Roach  
  60  5:36  Roach x5  
  60  5:39  Roach x2  
  74  5:46  Overlord x2  
  74  6:01  Overlord x2  
  74  6:02  Overlord x2  
  74  6:04  Glial Reconstitution  
  74  6:08  Ravager x2  
  74  6:10  Ravager  
  77  6:13  Roach  
  77  6:14  Roach x5  
  89  6:20  Hydralisk Den  
  89  6:24  Ravager  
  89  6:26  Drone  
  90  6:44  Roach  
  90  6:45  Roach x10  
  112  6:49  Zergling x2  
  108  7:02  Zergling x12  
  114  7:16  Baneling x2  
  114  7:22  Baneling x2  
  109  7:26  Roach x4  
  109  7:27  Roach x2  
  109  7:28  Overlord  
  109  7:29  Overlord x2  
  120  7:37  Baneling x3  
  120  7:38  Baneling x2  
  118  7:57  Zergling x2  
  118  7:58  Zergling x16  
  123  8:17  Roach x4  
  129  8:29  Roach x3  
  135  8:50  Roach  
  135  8:51  Roach x4  
  140  8:56  Hydralisk x4  
  145  9:11  Hydralisk  
  128  9:39  Hydralisk x8  
  125  10:00  Hydralisk  
  125  10:01  Hydralisk x8  
Show
View Real Time Build Order
Export as new Build Order

RedDawn Zerg 

Build Orders: Pool First 

Get SALT Encoding   

  12  0:02  Drone  
  13  0:13  Overlord  
  13  0:17  Drone  
  14  0:31  Drone  
  14  0:32  Drone  
  16  0:38  Drone  
  17  0:47  Drone  
  18  1:01  Drone  
  19  1:09  Drone  
  19  1:18  Extractor  
  19  1:20  Hatchery, Spawning Pool  
  19  1:25  Drone  
  17  1:31  Drone  
  18  1:46  Overlord  
  18  2:00  Drone  
  19  2:08  Queen  
  21  2:12  Baneling Nest  
  20  2:16  Drone x2  
  22  2:33  Queen  
  22  2:35  Drone x2  
  22  2:36  Drone  
  27  2:50  Overlord  
  27  2:51  Drone  
  27  2:56  Zergling x4  
  30  3:05  Zergling x2  
  31  3:08  Spine Crawler  
  30  3:14  Zergling x2  
  30  3:15  Baneling  
  30  3:16  Baneling  
  30  3:18  Baneling x2  
  30  3:43  Baneling x2  
  30  3:49  Overlord  
  30  3:50  Drone x5  
  35  4:00  Drone x4, Evolution Chamber  
  35  4:02  Hatchery  
  37  4:12  Zergling x4  
  39  4:26  Overlord x2  
  39  4:32  Zerg Ground Armor Level 1, Metabolic Boost  
  39  4:34  Drone x6  
  45  4:52  Extractor  
  44  4:57  Drone x5  
  49  5:11  Lair  
  49  5:14  Overlord  
  49  5:15  Drone x6  
  55  5:23  Queen  
  55  5:24  Hatchery  
  55  5:28  Drone x2  
  58  5:31  Queen  
  60  5:38  Drone x3  
  63  5:44  Drone x3  
  66  6:12  Drone  
  66  6:13  Zergling x10  
  66  6:14  Zergling x16  
  80  6:26  Extractor, Zerg Melee Weapons Level 1  
  80  6:32  Infestation Pit  
  78  6:40  Zergling x4  
  78  6:41  Zergling x16  
  78  6:42  Overlord x3  
  78  6:43  Overlord x2  
  76  7:20  Zergling x18  
  76  7:21  Zergling x16, Overlord x2  
  87  7:27  Extractor  
  87  7:28  Extractor  
  84  7:30  Spire  
  84  7:34  Zergling x2  
  84  7:35  Zergling x12  
  68  7:53  Overlord x2  
  68  7:54  Zergling x2, Overlord  
  68  7:55  Zergling x20  
  69  8:07  Extractor  
  69  8:08  Extractor  
  69  8:10  Zergling x2  
  69  8:11  Zergling x18  
  65  8:24  Zergling x22  
  47  8:42  Mutalisk x3  
  47  8:43  Mutalisk x2  
  47  8:44  Mutalisk  
  47  8:45  Mutalisk x2  
  50  8:58  Spire  
  25  10:00  Drone  
Tags
 
Add a new tag
Caveats
  • Supply blocks, unpowered buildings, or Contaminate may cause inaccurate times.
  • Supply counts are checked every 10 seconds.